 Dungeon Crawl Stone Soup version 0.25.1-2-g60ff931df9 (webtiles) character file.

Game seed: 16598665772420789309

25 MajorAdolf the Sneak (level 3, -2/28 HPs)
             Began as a Naga Wanderer on Oct 7, 2020.
             Slain by an adder (4 damage)
             ... on level 2 of the Dungeon.
             The game lasted 00:01:43 (1916 turns).

MajorAdolf the Sneak (Naga Wanderer)                Turns: 1916, Time: 00:01:44

Health: -2/28      AC:  1    Str: 18    XL:     3   Next: 4%
Magic:  4/4        EV:  9    Int: 10    God:
Gold:   48         SH:  0    Dex:  9    Spells: 4/4 levels left

rFire    . . .     SeeInvis +   e - +0 dagger
rCold    . . .     Gourm    .   (no shield)
rNeg     . . .     Faith    .   (no armour)
rPois    +         Spirit   .   (no helmet)
rElec    .         Reflect  .   (no cloak)
rCorr    .         Harm     .   (no gloves)
MR       .....                  (no barding)
Stlth    +++.......             (no amulet)
HPRegen  0.00/turn              (no ring)
MPRegen  0.09/turn              (no ring)

@: lethally poisoned (-2 -> -6), short of breath, invisible, very slow
A: large, stinger 1, see invisible, deformed body, poison resistance, slowness
2, inhibited regeneration, slow metabolism 1, spit poison 1, AC +1
a: Spit Poison


You were on level 2 of the Dungeon.
You were not hungry.

You visited 1 branch of the dungeon, and saw 2 of its levels.

You collected 48 gold pieces.

Inventory:

Hand Weapons
 a - a +0 club
 e - a +0 dagger (weapon)
 i - a +0 hand axe
Jewellery
 l - a cursed -4 ring of intelligence {unknown}
Scrolls
 c - a scroll of magic mapping {unknown}
 d - a scroll of enchant weapon {unknown}
 g - 3 scrolls of identify {unknown}
 h - 2 scrolls of teleportation {unknown}
 o - a scroll of remove curse {unknown}
Potions
 k - a potion of lignification {unknown}
 m - 3 potions of curing {unknown}
 n - a potion of magic {unknown}
Comestibles
 f - 4 rations


   Skills:
   Level 1.0 Bows
 - Level 1.5 Armour
 + Level 5.3 Stealth
 - Level 1.0 Spellcasting
   Level 2.0 Fire Magic
   Level 2.0 Air Magic


You had 4 spell levels left.
You didn't know any spells.
Your spell library contained the following spells:

 Spells                   Type           Power        Failure   Level  Hunger
 Foxfire                  Conj/Fire      #...         22%         1    ##.....
 Sting                    Tmut/Pois      #...         34%         1    ##.....
 Conjure Flame            Conj/Fire      #.......     56%         3    ####...
 Inner Flame              Hex/Fire       #.......     56%         3    ####...
 Mephitic Cloud           Conj/Pois/Air  #.......     63%         3    ####...
 Sticky Flame             Conj/Fire      #.......     92%         4    #####..
 Fireball                 Conj/Fire      #.........   99%         5    ######.


Dungeon Overview and Level Annotations

Branches:
Dungeon (2/15)

Altars:


Innate Abilities, Weirdness & Mutations

You cannot wear boots.
Your serpentine skin is tough. (AC +1)
You have supernaturally acute eyesight. (SInv)
Armour fits poorly on your strangely shaped body.
Your system is resistant to poisons. (rPois)
You cover ground very slowly.
You have a slow metabolism.
You can spit poison.
Your tail ends in a poisonous barb.
You do not regenerate when monsters are visible.


Message History

* * * LOW HITPOINT WARNING * * *
You are lethally poisoned!
The adder poisons you!
Press: ? - help, Shift-Dir - straight line, f/p - adder
Aim: an adder (lightly wounded)
The splash of poison hits the adder.
The adder is poisoned.
The adder is moderately wounded.
You feel slightly more hungry.
* * * LOW HITPOINT WARNING * * *
You feel sick. The adder barely misses you.
Unknown command.
It was a potion of mutation.
You feel extremely strange.
Your regeneration stops near monsters.
A poisonous barb forms on the end of your tail.
The adder bites you but does no damage.
It was a potion of invisibility.
You fade into invisibility!
* * * LOW HITPOINT WARNING * * *
You feel sick. The adder bites you.
You die...

#.).########
#........(.
######...#######
...............
######...######
##...# #....#
#####...#########
........S@.......
#######.#########
#.# #.......#
#........
........#
#.......#
#......%#
#.......#


You could see an adder (poisoned).

Vanquished Creatures
  A gnoll (D:1)
  2 dart slugs (D:1)
  A bat (D:1)
  A goblin (D:1)
  A frilled lizard (D:1)
  6 kobolds
  2 rats (D:1)
14 creatures vanquished.

Notes
Turn   | Place    | Note
-------+----------+-------------------------------------------
     0 | D:1      | MajorAdolf the Naga Wanderer began the quest for the Orb.
     0 | D:1      | MajorAdolf set off with the following items: a +0 club, a
                  | +0 ring mail, a +0 dagger, a ration; and the following
                  | spells available to memorise: Foxfire, Sting, Conjure
                  | Flame, Inner Flame, Mephitic Cloud, Sticky Flame, Fireball
     0 | D:1      | Reached XP level 1. HP: 15/15 MP: 2/2
   419 | D:1      | Reached skill level 4 in Stealth
   419 | D:1      | Reached XP level 2. HP: 10/22 MP: 3/3
  1659 | D:1      | Reached skill level 5 in Stealth
  1659 | D:1      | Reached XP level 3. HP: 20/28 MP: 4/4
  1915 | D:2      | Gained mutation: You do not regenerate when monsters are
                  | visible. [potion of mutation]
  1915 | D:2      | Gained mutation: Your tail ends in a poisonous barb.
                  | [potion of mutation]
  1916 | D:2      | Slain by an adder

Illustrated notes

Levels and vault maps discovered:
D:1:      nicolae_arrival_washed_ashore, layout_loops_corners,
          minmay_pentomino_q2
D:2:      layout_basic, first_ration, uniq_natasha

Skill      XL: |  1  2 |
---------------+-------+-----
Stealth        | 4 5 |  5.3
Bows           | |  1.0
Armour         | |  1.5
Spellcasting   | |  1.0
Fire Magic     | |  2.0
Air Magic      | |  2.0

Action                   || total
-------------------------++-------
Melee: Dagger            ||    46
 Abil: Spit Poison       ||    11
  Use: Potion            ||     2
 Stab: Sleeping          ||     4
  Eat: Chunk             ||     2
Armor: Skin              ||     1
Dodge: Dodged            ||    20
